 Dungeon Crawl Stone Soup version 0.31-a0-234-gad7ace16ef (webtiles) character file.

Game seed: 5525884298334013718

20 Morbidden the Gusty (level 2, 0/20 HPs)
             Began as a Draconian Air Elementalist on July 10, 2023.
             Slain by an orc priest
             ... wielding a +0 hand axe
              (5 damage)
             ... on level 2 of the Dungeon.
             The game lasted 00:01:56 (389 turns).

Morbidden the Gusty (Draconian Air Elementalist)     Turns: 389, Time: 00:01:57

Health: 0/20       AC:  5    Str: 10    XL:     2   Next: 58%
Magic:  0/5        EV: 12    Int: 15    God:
Gold:   18         SH:  0    Dex: 11    Spells: 2/5 levels left

rFire   . . .        a - staff of air
rCold   . . .        (no shield)
rNeg    . . .        (body armour unavailable)
rPois   .            (helmet restricted)
rElec   +            b - +0 cloak
rCorr   .            (no gloves)
SInv    .            (no boots)
Will    .....        (no amulet)
Stlth   ++           (no ring)
HPRegen 0.23/turn    (no ring)
MPRegen 0.09/turn

%: no passive effects
@: no status effects
A: AC +4, unfitting armour, cold-blooded
a: no special abilities


You were on level 2 of the Dungeon.
You visited 1 branch of the dungeon, and saw 2 of its levels.

You collected 18 gold pieces.

Inventory:

Armour
 b - a +0 cloak (worn)
 d - a +0 buckler
Magical Staves
 a - a staff of air (weapon)
Potions
 c - a potion of cancellation


   Skills:
 * Level 0.2 Fighting
 * Level 2.2 Dodging
 + Level 1.7 Stealth
 * Level 0.4 Unarmed Combat
 * Level 2.2 Spellcasting
 * Level 1.1 Conjurations
 * Level 3.2 Air Magic


You had 2 spell levels left.
You knew the following spells:

 Your Spells              Type           Power      Damage    Failure   Level
a - Shock                 Conj/Air       48%        1d6       9%          1
b - Static Discharge      Conj/Air       24%        2-3/arc   14%         2

Your spell library contained the following spells:

 Spells                   Type           Power      Damage    Failure   Level
 Swiftness                Air            17%        N/A       17%         3
 Airstrike                Air            8%         2d(2-18)  50%         4


Dungeon Overview and Level Annotations

Branches:
Dungeon (1/15)

Altars:


Innate Abilities, Weirdness & Mutations

Your plain brown scales are hard. (AC +4)
You cannot fit into any form of body armour.
You are cold-blooded and may be slowed by cold attacks.


Message History

Unknown command.
Unknown command.
Casting: Shock (safe; 9% risk of failure)
Confirm with . or Enter, or press ? or * to list all spells.
Aiming: Shock (safe; 9% risk of failure)
Press: ? - help, Shift-Dir - straight line, f - orc priest
Aim: an orc priest, wielding a +0 hand axe (heavily wounded, 68% to hit)
You feel a surge of power!
The zap hits something.
The zap hits the orc priest.
The orc priest is severely wounded.
Something hits you.
The orc hits you with a +0 flail of protection!
Unknown command.
Unknown command.
Casting: Shock (safe; 9% risk of failure)
Confirm with . or Enter, or press ? or * to list all spells.
Aiming: Shock (safe; 9% risk of failure)
Press: ? - help, Shift-Dir - straight line, f/p - orc priest
Aim: an orc priest, wielding a +0 hand axe (severely wounded, 68% to hit)
You feel a surge of power!
The zap hits the orc priest.
The orc priest is severely wounded.
The orc misses you.
Unknown command.
Unknown command.
Unknown command.
Unknown command.
Okay, then.
You aren't carrying any items that you can evoke.
Unknown command.
You closely miss the orc.
You tail-slap the orc, but do no damage.
The orc is heavily wounded.
Something hits you but does no damage.
The orc hits you with a +0 flail of protection.
* * * LOW HITPOINT WARNING * * *
Unknown command.
Unknown command.
You hit the orc priest but do no damage.
The orc priest is severely wounded.
The orc priest hits you with a +0 hand axe.
You die...

#..................#
#.....########o###....
#.....#..§.ooo.# #
#.....#.######.#
#....§#)######.######.
####....§.............
#...#§§.§†.....†...#.
#.###o§..............
#...@o.§§......#.#.##
###...##.....#....# ..
#...#.#..#####....# .
##.###...## #......
#######..####...#
#....###
#.............#.#
....#
#..........####.#
#..........# .
#..........# .


You could see an orc priest and an orc.

Vanquished Creatures
  An adder (D:2)
  An orc (D:2)
  An endoplasm (D:1)
  A kobold (D:1)
  A ball python (D:1)
  3 bats (D:2)
  A frilled lizard (D:1)
  2 rats
11 creatures vanquished.

Notes
Turn   | Place    | Note
-------+----------+-------------------------------------------
     0 | D:1      | Morbidden the Draconian Air Elementalist began the quest
                  | for the Orb.
     0 | D:1      | Reached XP level 1. HP: 14/14 MP: 3/3
   190 | D:1      | You fall into a shaft and drop 1 floor!
   258 | D:2      | Reached XP level 2. HP: 11/20 MP: 0/5
   325 | D:2      | Learned a level 2 spell: Static Discharge
   389 | D:2      | Slain by an orc priest

Illustrated notes

Levels and vault maps discovered:
D:1:      minmay_arrival_jagged, layout_loops_cross, moated_statue
D:2:      layout_rooms, serial_shops, nicolae_shop_stone, minmay_misc_feat_roman

Skill      XL: |  1 |
---------------+----+-----
Dodging        | 2 |  2.2
Fighting       | |  0.2
Stealth        | |  1.7
Unarmed Combat | |  0.4
Spellcasting   | |  2.2
Conjurations   | |  1.1
Air Magic      | |  3.2

Action                     || total
---------------------------++-------
  Melee: Unarmed           ||    17
         Staff             ||    13
         Tailslap          ||     3
         Punch             ||     1
   Cast: Shock             ||    24
    Use: Potion            ||     2
         Scroll            ||     1
 Armour: Skin              ||    14
  Dodge: Dodged            ||    31

Table legend: (Time is in decaauts)
 A = Elapsed time spent in this place.
 B = Non-inter-level travel time spent in this place.
 C = Inter-level travel time spent in this place.
 D = Time resting spent in this place.
 E = Time spent auto-exploring this place.
 F = Levels seen in this place.
 G = Mean time per level.
                   A        B        C        D        E       F      G
               +--------+--------+--------+--------+--------+-----+--------+
         Total |    391 |    378 |     13 |     59 |    183 |   2 |  195.5 |
       Dungeon |    391 |    378 |     13 |     59 |    183 |   2 |  195.5 |
               +--------+--------+--------+--------+--------+-----+--------+

Top non-repeatable levels by time:
     D:2: 200 daAuts
     D:1: 191 daAuts
